 Dungeon Crawl Stone Soup version 0.26-a0-812-g31a745ddcd (webtiles) character file.

Game seed: 17113587763180756802

1131 Morbidden the Firebug (level 8, -4/64 HPs)
             Began as a Red Draconian Fire Elementalist on Nov 13, 2020.
             Slain by an orc warrior
             ... wielding a +0 war axe
              (21 damage)
             ... on level 6 of the Dungeon.
             The game lasted 00:08:49 (7345 turns).

Morbidden the Firebug (DrFE)                        Turns: 7345, Time: 00:08:49

Health: -4/64      AC:  8    Str: 11    XL:     8   Next: 13%
Magic:  15/15      EV: 13    Int: 17    God:
Gold:   298        SH:  0    Dex: 12    Spells: 11/16 levels left

rFire    + . .     SeeInvis .   t - +5 dagger (elec)
rCold    . . .     Faith    +   (no shield)
rNeg     + . .     Spirit   .   (armour unavailable)
rPois    .         Reflect  .   (helmet restricted)
rElec    .         Harm     .   (no cloak)
rCorr    .         Rampage  .   f - +0 pair of gloves
MR       .....                  r - +0 pair of boots
Stlth    ++........             l - amulet of faith
HPRegen  0.20/turn              w - ring of positive energy
MPRegen  0.14/turn              (no ring)

@: about to teleport
A: breathe fire, unfitting armour, fire resistance 1, cold-blooded, AC +6
a: Breathe Fire


You were on level 6 of the Dungeon.
You visited 1 branch of the dungeon, and saw 6 of its levels.

You collected 298 gold pieces.

Inventory:

Hand Weapons
 m - a +2 vorpal falchion
 t - a +5 dagger of electrocution (weapon)
Armour
 f - a +0 pair of gloves (worn)
 r - a +0 pair of boots (worn)
Jewellery
 l - an amulet of faith (around neck)
 q - an uncursed ring of ice
 w - a ring of positive energy (left hand)
 A - an uncursed amulet of the acrobat {unknown}
 D - an uncursed ring of ice
Wands
 z - a wand of disintegration (11)
Scrolls
 a - 5 scrolls of amnesia
 b - 2 scrolls of teleportation
 h - 4 scrolls of identify
 j - a scroll of blinking {unknown}
 k - 8 scrolls of remove curse {unknown}
 n - 3 scrolls of random uselessness {unknown}
 y - a scroll of fear {unknown}
 B - a scroll of enchant armour {unknown}
Potions
 c - a potion of attraction {unknown}
 d - 5 potions of curing
 e - a potion of flight {unknown}
 g - a potion of brilliance {unknown}
 i - a potion of invisibility
 o - a potion of mutation {unknown}
 p - a potion of cancellation {unknown}
 s - 3 potions of haste {unknown}
 u - 2 potions of lignification {unknown}
 x - a potion of ambrosia {unknown}
 C - a potion of degeneration {unknown}


   Skills:
 * Level 3.6 Fighting
 + Level 2.0(2.1) Short Blades
 + Level 0.1(1.2) Long Blades
 * Level 3.5 Dodging
 + Level 2.8 Stealth
 + Level 0.3 Unarmed Combat
 * Level 4.8 Spellcasting
 * Level 4.1 Conjurations
 * Level 5.7 Fire Magic


You had 11 spell levels left.
You knew the following spells:

 Your Spells              Type           Power        Failure   Level
a - Foxfire               Conj/Fire      ###.         1%          1
b - Sticky Flame          Conj/Fire      ###.....     19%         4

Your spell library contained the following spells:

 Spells                   Type           Power        Failure   Level
 Conjure Flame            Conj/Fire      ###.....     5%          3
 Inner Flame              Hex/Fire       ##......     14%         3
 Fireball                 Conj/Fire      ###.......   45%         5


Dungeon Overview and Level Annotations

Branches:
Dungeon (6/15)
 Temple: D:4-7

Altars:
Cheibriados
Elyvilon
Okawaru
Qazlal
Uskayaw
Wu Jian

Shops:
D:6 [

Annotations:
D:4 3 runed translucent doors, ANON1729's ghost, amateur SpTm


Innate Abilities, Weirdness & Mutations

You can breathe blasts of fire.
Your fiery red scales are hard. (AC +6)
You cannot fit into any form of body armour.
Your flesh is heat resistant. (rF+)
You are cold-blooded and may be slowed by cold attacks.


Message History

The puff of frost hits you!
The orc priest begins to cast a cantrip, but forgets the words!
Unknown command.
Unknown command.
Okay, then.
As you read the scroll of teleportation, it crumbles to dust.
You feel strangely unstable.
The orc warrior hits you with a +0 war axe!
* * * LOW HITPOINT WARNING * * *
The orc priest hits you with a +0 hand axe.
* * * LOW HITPOINT WARNING * * *
Unknown command.
Unknown command.
Unknown command.
Unknown command.
Unknown command.
You feel better.
A wight comes into view. It is wielding a +0 spear.
The orc warrior hits you with a +0 war axe!!
You die...

..###..##
##...........
#...#
#<..........
##..##
##..........
#...#
##.........
##..#
##........
###.##
#........
#.§§§###
##.......
#.#§Z§.###
##......
#§§@o§...#
##.....
#§§o§o._.#
###...
#§§.§§....#
##..
#§§§.8....#
##.
#...[o....#
##
##._..._..#
#........#
###..z#..#


You could see an orc warrior, a wight, an orc priest, an orc wizard and a water
moccasin zombie.

Vanquished Creatures
  A hornet zombie (D:6)
  A sky beast (D:6)
  A phantom (D:6)
  2 ogres (D:6)
  A centaur (D:6)
  2 hounds
  2 orc priests
  7 orc wizards
  4 worker ants
  A hound skeleton (D:5)
  4 gnolls (D:3)
  2 adders
  2 shadow imps
  A white imp (D:4)
  2 oozes (D:2)
  An adder zombie (D:6)
  2 adder skeletons
  5 worms
  A dart slug (D:2)
  3 leopard geckos
  15 orcs
  4 giant cockroaches
  8 goblins
  4 hobgoblins
  2 jackals (D:2)
  4 quokkas
  A ball python (D:3)
  9 bats
  6 frilled lizards
  A giant cockroach zombie (D:6)
  5 kobolds
  A quokka skeleton (D:6)
  8 rats
113 creatures vanquished.

Vanquished Creatures (others)
  397 foxfires
397 creatures vanquished.

Grand Total: 510 creatures vanquished

Notes
Turn   | Place    | Note
-------+----------+-------------------------------------------
     0 | D:1      | Morbidden the Draconian Fire Elementalist began the quest
                  | for the Orb.
     0 | D:1      | Reached XP level 1. HP: 14/14 MP: 3/3
   452 | D:1      | Reached XP level 2. HP: 20/20 MP: 0/5
  1337 | D:2      | Reached XP level 3. HP: 19/27 MP: 2/6
  1680 | D:2      | Found an iron altar of Okawaru.
  2304 | D:3      | Reached XP level 4. HP: 29/34 MP: 2/8
  2603 | D:3      | Reached skill level 1 in Fighting
  2610 | D:3      | Found a faded altar of an unknown god.
  2764 | D:3      | HP: 1/35 [gnoll/+0 flail (5)]
  3642 | D:4      | Reached XP level 5. HP: 36/40 MP: 3/9
  4492 | D:4      | Found a runed translucent gate.
  4502 | D:4      | Found a runed translucent gate.
  4503 | D:4      | Found a runed translucent gate.
  4505 | D:4      | Noticed ANON1729's ghost (amateur SpTm)
  4864 | D:5      | Entered Level 5 of the Dungeon
  5057 | D:5      | Reached XP level 6. HP: 48/50 MP: 11/11
  6084 | D:6      | Reached skill level 4 in Fire Magic
  6128 | D:6      | Reached skill level 1 in Short Blades
  6130 | D:6      | Noticed a sky beast
  6139 | D:6      | Your scales start taking on a fiery red colour.
  6139 | D:6      | Reached skill level 5 in Fire Magic
  6139 | D:6      | Reached XP level 7. HP: 53/57 MP: 8/13
  6139 | D:6      | Gained mutation: Your flesh is heat resistant. (rF+) [Red
                  | Draconian growth]
  6637 | D:5      | Learned a level 4 spell: Sticky Flame
  6898 | D:6      | Reached XP level 8. HP: 54/63 MP: 10/15
  6994 | D:6      | Found Jatwen's Armour Shoppe.
  7333 | D:6      | Found a stormy altar of Qazlal.
  7337 | D:6      | Found a white marble altar of Elyvilon.
  7337 | D:6      | Found a snail-covered altar of Cheibriados.
  7339 | D:6      | Found a hide-covered altar of Uskayaw.
  7339 | D:6      | Found an ornate altar of the Wu Jian Council.
  7345 | D:6      | Slain by an orc warrior

Illustrated notes

Levels and vault maps discovered:
D:1:      tarquinn_simple_flora_water_c, layout_loops_ring
D:2:      layout_rooms, okawaru_ov_weapons_minmay
D:3:      layout_rooms, chequers_ecumenical_altar_grove, kennysheep_potato
D:4:      layout_basic, ebering_ghost_rock_garden
D:5:      layout_loops_corners
D:6:      layout_cave_pods, lemuel_round_altar, grunt_temple_overflow_open,
          serial_shops, nicolae_shop_temple_entry_statues_fountains,
          nrook_loot_triangle

Skill      XL: |  1  2  3  4  5  6  7  8 |
---------------+-------------------------+-----
Conjurations   | 2 3 4 |  4.1
Fighting       | 1 2 3 |  3.6
Stealth        | 2 |  2.8
Spellcasting   | 3 4 |  4.8
Dodging        | 2 3 |  3.5
Fire Magic     | 5 |  5.7
Short Blades   | 1 2 |  2.0
Long Blades    | |  0.1
Unarmed Combat | |  0.3

Action                   |  1- 3 |  4- 6 |  7- 9 || total
-------------------------+-------+-------+-------++-------
Melee: Unarmed           |     8 |       |       ||     8
       Falchion          |     3 |    16 |       ||    19
       Tailslap          |       |    11 |     2 ||    13
       Dagger            |       |    84 |    31 ||   115
Throw: Throwing net      |       |     1 |       ||     1
 Cast: Foxfire           |   100 |   105 |    40 ||   245
       Sticky Flame      |       |       |     1 ||     1
 Abil: Breathe Fire      |       |       |     3 ||     3
  Use: Scroll            |       |     7 |     2 ||     9
       Potion            |       |       |     3 ||     3
 Stab: Sleeping          |     1 |     2 |       ||     3
Armor: Skin              |    27 |    34 |    22 ||    83
Dodge: Dodged            |    54 |    79 |    40 ||   173
       Rpst.: Falchion   |     3 |     6 |       ||     9

Table legend: (Time is in decaauts)
 A = Elapsed time spent in this place.
 B = Non-inter-level travel time spent in this place.
 C = Inter-level travel time spent in this place.
 D = Time resting spent in this place.
 E = Time spent auto-exploring this place.
 F = Levels seen in this place.
 G = Mean time per level.
                   A        B        C        D        E       F      G
               +--------+--------+--------+--------+--------+-----+--------+
         Total |   7348 |   7135 |    213 |    327 |   5683 |   6 | 1224.7 |
       Dungeon |   7348 |   7135 |    213 |    327 |   5683 |   6 | 1224.7 |
               +--------+--------+--------+--------+--------+-----+--------+

Top non-repeatable levels by time:
     D:3: 1380 daAuts
     D:5: 1350 daAuts
     D:4: 1326 daAuts
     D:1: 1169 daAuts
     D:6: 1127 daAuts
     D:2: 994 daAuts
